 Dungeon Crawl Stone Soup version 0.31-a0-188-g5e087ee2ca (webtiles) character file.

Game seed: 12234569456753779610

942 qw the Skirmisher (level 7, -6/40 HPs)
             Began as a Deep Elf Hunter on June 22, 2023.
             Killed by nerve-wracking pain
             ... invoked by an orc priest
              (9 damage)
             ... on level 5 of the Dungeon.
             The game lasted 00:01:24 (3490 turns).

qw the Skirmisher (Deep Elf Hunter)                 Turns: 3490, Time: 00:01:25

Health: -6/40      AC:  7    Str: 10    XL:     7   Next: 88%
Magic:  9/9        EV: 11    Int: 14    God:
Gold:   148        SH:  0    Dex: 18    Spells: 6/6 levels left

rFire   . . .        Y - +2 shortbow
rCold   . . .        (shield currently unavailable)
rNeg    . . .        d - +0 ring mail
rPois   .            (no helmet)
rElec   .            h - +0 cloak
rCorr   .            (no gloves)
SInv    .            i - +0 pair of boots
Will    .....        (no amulet)
Stlth   +            (no ring)
HPRegen 0.26/turn    (no ring)
MPRegen 0.11/turn

%: no passive effects
@: about to teleport
A: no striking features
a: no special abilities


You were on level 5 of the Dungeon.
You visited 1 branch of the dungeon, and saw 5 of its levels.

You collected 148 gold pieces.


   Skills:
 + Level 2.6 Fighting
 - Level 12.0 Ranged Weapons
 - Level 1.1 Armour
 - Level 3.0 Dodging
 - Level 1.2 Stealth


You had 6 spell levels left.
You didn't know any spells.
Your spell library was empty.

Inventory:

Hand Weapons
 Y - a +2 shortbow (weapon)
Armour
 d - a +0 ring mail (worn)
 h - a +0 cloak (worn)
 i - a +0 pair of boots (worn)
Scrolls
 c - a scroll of identify
Potions
 b - 2 potions of curing
 f - a potion of lignification {unknown}
 g - 2 potions of haste {unknown}
 j - a potion of might

Dungeon Overview and Level Annotations

Branches:
Dungeon (5/15)
 Temple: D:4-7

Altars:
Ru

Annotations:
D:4 2 runed translucent doors


Message History

The hound bites you but does no damage.
You shoot an arrow. The arrow hits the hound!
The hound is severely wounded.
The hound bites you.
You shoot an arrow. The arrow hits the hound.
The hound is severely wounded.
The hound closely misses you. The hound bites you but does no damage.
The orc priest begins to cast a cantrip, but forgets the words!
You shoot an arrow. The arrow closely misses the hound.
The hound misses you. The orc hits you but does no damage.
You shoot an arrow. The arrow barely misses the hound.
The hound bites you but does no damage. The orc hits you but does no damage.
The hound closely misses you.
You shoot an arrow. The arrow closely misses the hound.
The hound barely misses you. The orc barely misses you.
You shoot an arrow. The arrow hits the hound.
The hound is severely wounded.
The hound bites you but does no damage. The orc barely misses you.
The hound bites you but does no damage.
The orc priest invokes the aid of Beogh against you.
Beogh smites you!
You shoot an arrow. The arrow hits the hound.
The hound is almost dead.
The hound barely misses you. The orc closely misses you.
The orc priest closely misses you.
You shoot an arrow. The arrow closely misses the hound.
The hound bites you but does no damage. The orc hits you with a +0 club.
The hound bites you.
The orc priest calls down the wrath of Beogh upon you.
Pain shoots through your body!
You shoot an arrow. The arrow closely misses the hound.
The hound misses you. The orc hits you but does no damage.
The orc priest hits you with a +0 flail.
3490 ||| READING scroll of teleportation.
As you read the scroll of teleportation, it crumbles to dust.
You feel strangely unstable. The hound bites you.
The orc hits you with a +0 club.
The orc priest calls down the wrath of Beogh upon you.
Pain shoots through your body!
You die...

..# #...# ...# #...#
.#.####...##
#..##......#
.......#.#.# #####
...#......####...#
#................#
#.........####%..#
#...#......# ##@##
.......#####...hoo..#
....### ...........#
.##. ....)......# #
.~.).......#
.).........#
....#......#
...'##.....#


You could see a hound, an orc priest and an orc.

Vanquished Creatures
  Grinder (D:5)
  Sigmund (D:2)
  An ogre (D:3)
  A phantom (D:4)
  An orc priest (D:3)
  2 hounds
  3 iguanas (D:4)
  Natasha (twice) (D:2)
  2 orc wizards
  10 adders
  A worm (D:3)
  4 dart slugs
  11 orcs
  7 endoplasms
  5 giant cockroaches
  4 hobgoblins
  4 jackals
  6 kobolds
  4 quokkas
  7 ball pythons
  3 bats
  3 frilled lizards
  6 goblins
  5 rats
94 creatures vanquished.

Notes
Turn   | Place    | Note
-------+----------+-------------------------------------------
     0 | D:1      | qw the Deep Elf Hunter began the quest for the Orb.
     0 | D:1      | Reached XP level 1. HP: 12/12 MP: 3/3
     0 | D:1      | 0 ||| qw: Version: 0.3-a-9-g12657ce
     0 | D:1      | 0 ||| qw: Game counter: 2869
     0 | D:1      | 0 ||| qw: Always use a shield: true
     0 | D:1      | 0 ||| qw: God list: Okawaru
     0 | D:1      | 0 ||| qw: Allow faded altars: false
     0 | D:1      | 0 ||| qw: Do Orc after D:15 true
     0 | D:1      | 0 ||| qw: Do second Lair branch before Depths: true
     0 | D:1      | 0 ||| qw: Lair rune preference: random
     0 | D:1      | 0 ||| qw: Plans: Normal
     0 | D:1      | 0 ||| PLANNING D:1-11
   153 | D:1      | Found a faded altar of an unknown god.
   426 | D:1      | Reached skill level 6 in Ranged Weapons
   426 | D:1      | Reached XP level 2. HP: 16/16 MP: 4/4
   598 | D:1      | 598 ||| UPGRADING to +0 ring mail.
   608 | D:1      | 608 ||| DROPPING +0 leather armour.
   609 | D:1      | 609 ||| UPGRADING to +0 cloak.
   614 | D:1      | 614 ||| READING scroll labelled JIKUFEZXYERCH.
   615 | D:1      | 615 ||| READING scroll labelled ROSOCA DUPERAS.
   616 | D:1      | 616 ||| READING scroll labelled SAJAM RETTIU.
   617 | D:1      | 617 ||| DROPPING scroll of butterflies.
   640 | D:2      | Noticed Natasha
   643 | D:2      | 643 ||| STAIRDANCE
   661 | D:2      | Killed Natasha
   662 | D:2      | Reached XP level 3. HP: 20/20 MP: 5/5
   671 | D:2      | Identified the +3 dagger "Killer Klown's Regret" {freeze,
                  | rPois SInv}
   712 | D:2      | Reached skill level 7 in Ranged Weapons
   727 | D:2      | 727 ||| READING scroll of enchant weapon.
   727 | D:2      | 727 ||| ENCHANTING +1 shortbow.
  1047 | D:2      | Noticed Sigmund
  1055 | D:2      | Reached XP level 4. HP: 7/25 MP: 6/6
  1056 | D:2      | Killed Sigmund
  1057 | D:2      | Reached skill level 9 in Ranged Weapons
  1057 | D:2      | Reached XP level 5. HP: 9/29 MP: 7/7
  1430 | D:2      | Noticed Natasha
  1437 | D:2      | HP: 7/30 [cerulean imp/+0 spear[Natasha] (1)]
  1438 | D:2      | Killed Natasha
  1439 | D:2      | Reached XP level 6. HP: 8/35 MP: 8/8
  1659 | D:2      | 1659 ||| DROPPING amulet of magic regeneration.
  1705 | D:2      | 1705 ||| READING scroll labelled DEH LONIROOKH.
  1710 | D:2      | 1710 ||| READING scroll labelled JAMEXK ISKOFFAROO.
  1711 | D:2      | 1711 ||| READING scroll labelled LOSAENY BORUI.
  1773 | D:2      | 1773 ||| DRINKING 2 sapphire potions.
  1774 | D:2      | 1774 ||| DROPPING potion of invisibility.
  1851 | D:3      | Identified the +0 leather armour of Complete Protection
                  | {+Inv}
  1938 | D:3      | 1938 ||| Stepping ~*~*~tactically~*~*~ (outnumbered).
  1940 | D:3      | 1940 ||| Stepping ~*~*~tactically~*~*~ (outnumbered).
  1942 | D:3      | 1942 ||| Stepping ~*~*~tactically~*~*~ (outnumbered).
  2052 | D:3      | Reached skill level 10 in Ranged Weapons
  2346 | D:3      | 2346 ||| DROPPING +0 leather armour of Complete Protection
                  | {+Inv}.
  2347 | D:3      | 2347 ||| UPGRADING to +0 pair of boots.
  2352 | D:3      | 2352 ||| READING scroll labelled ITYAPP JESISK.
  2353 | D:3      | 2353 ||| DRINKING 2 viscous puce potions.
  2435 | D:4      | 2435 ||| Stepping ~*~*~tactically~*~*~ (outnumbered).
  2448 | D:4      | Reached skill level 1 in Armour
  2463 | D:4      | Reached skill level 3 in Dodging
  2463 | D:4      | Reached XP level 7. HP: 40/40 MP: 9/9
  2485 | D:4      | 2485 ||| FLEEEEING.
  2624 | D:4      | 2624 ||| FLEEEEING.
  2723 | D:4      | Reached skill level 11 in Ranged Weapons
  2922 | D:4      | Identified the +2 robe of Impatience {rElec rN++}
  2929 | D:4      | Found a large runed translucent door.
  2930 | D:4      | Found a large runed translucent door.
  2988 | D:4      | Found a sacrificial altar of Ru.
  3164 | D:4      | 3164 ||| READING scroll labelled CERERH BOIC.
  3165 | D:4      | 3165 ||| READING 2 scrolls of identify.
  3165 | D:4      | 3165 ||| IDENTIFYING lumpy brown potion
  3166 | D:4      | 3166 ||| DROPPING potion of brilliance.
  3224 | D:5      | Entered Level 5 of the Dungeon
  3237 | D:5      | Noticed Grinder
  3239 | D:5      | Paralysed by Grinder for 4 turns
  3244 | D:5      | 3244 ||| FLEEEEING.
  3245 | D:5      | 3245 ||| FLEEEEING.
  3246 | D:5      | 3246 ||| FLEEEEING.
  3252 | D:5      | 3252 ||| FLEEEEING.
  3253 | D:5      | 3253 ||| STAIRDANCE
  3398 | D:5      | Killed Grinder
  3399 | D:5      | Reached skill level 12 in Ranged Weapons
  3475 | D:5      | 3475 ||| Stepping ~*~*~tactically~*~*~ (outnumbered).
  3477 | D:5      | 3477 ||| Stepping ~*~*~tactically~*~*~ (outnumbered).
  3489 | D:5      | HP: 7/40 [orc priest/+0 flail (4)]
  3490 | D:5      | 3490 ||| READING scroll of teleportation.
  3490 | D:5      | HP: 3/40 [orc/+0 club (3)]
  3490 | D:5      | Killed from afar by an orc priest

Levels and vault maps discovered:
D:1:      dpeg_arrival_simpleton_b, layout_basic,
          ebering_ecumenical_altar_petrified
D:2:      layout_basic, minmay_split_cup_large, uniq_sigmund, uniq_natasha
D:3:      layout_basic, dk_noncrumbling_3, kennysheep_generic_room_3
D:4:      layout_rooms, jmf_multi_god_temple2, nicolae_ru_sacrificial_ziggurat
D:5:      layout_loops_cross, tso_oasis_becter, minmay_temple_entry_mini_moons,
          uniq_grinder

Skill      XL: |  1  2  3  4  5  6  7 |
---------------+----------------------+-----
Ranged Weapons | 6 7 9 10 12 | 12.0
Fighting       | 2 |  2.6
Armour         | 1 |  1.1
Dodging        | 3 |  3.0
Stealth        | |  1.2

Action                     |  1- 3 |  4- 6 |  7- 9 || total
---------------------------+-------+-------+-------++-------
   Fire: Shortbow          |    64 |   134 |   104 ||   302
    Use: Scroll            |     4 |     4 |     3 ||    11
         Potion            |       |     2 |       ||     2
 Armour: Leather armour    |     4 |       |       ||     4
         Ring mail         |     1 |    18 |    29 ||    48
  Dodge: Dodged            |    13 |    29 |    42 ||    84

Table legend:
 A = Non-vault XP
 B = Vault XP
 C = Vault XP percentage of total XP
 D = Non-vault monster count
 E = Vault monster count
 F = Vault count percentage of total count
                 A         B        C        D         E       F
            +---------+---------+-------+---------+---------+-------
      Total |     812 |     535 |  39.7 |      85 |       9 |   9.6
            +---------+---------+-------+---------+---------+-------
        D:1 |      13 |       0 |   0.0 |       8 |       0 |   0.0
        D:2 |     111 |     270 |  70.9 |      27 |       6 |  18.2
        D:3 |     242 |       3 |   1.2 |      19 |       2 |   9.5
        D:4 |     366 |       0 |   0.0 |      24 |       0 |   0.0
        D:5 |      80 |     262 |  76.6 |       7 |       1 |  12.5
            +---------+---------+-------+---------+---------+-------
